 Dungeon Crawl Stone Soup version 0.25-a0-292-gaa31f046c4 (webtiles) character file.

Game seed: 11086248162110310015, levelgen mode: deterministic

649 Luthien the Conjurer (level 7, 0/36 HPs)
             Began as a Deep Elf Conjurer on Dec 15, 2019.
             Shot with an arrow by a centaur (11 damage)
             ... on level 5 of the Dungeon.
             The game lasted 00:15:30 (5722 turns).

Luthien the Conjurer (Deep Elf Conjurer)            Turns: 5722, Time: 00:15:30

Health: 0/36       AC:  3    Str:  5    XL:     7   Next: 28%
Magic:  13/17      EV: 14    Int: 21    God:
Gold:   192        SH:  0    Dex: 16    Spells: 5/16 levels left

rFire    . . .     SeeInvis .   h - +0 short sword (flame)
rCold    . . .     Gourm    .   (no shield)
rNeg     . . .     Faith    .   z - +0 robe
rPois    .         Spirit   .   (no helmet)
rElec    .         Reflect  .   (no cloak)
rCorr    +         Harm     .   (no gloves)
MR       .....                  a - +0 pair of boots
Stlth    +++.......             (no amulet)
HPRegen  0.12/turn              (no ring)
MPRegen  0.15/turn              t - ring of resist corrosion

@: marked
A: no striking features
a: no special abilities


You were on level 5 of the Dungeon.
You were not hungry.

You visited 1 branch of the dungeon, and saw 5 of its levels.

You collected 192 gold pieces.

Inventory:

Hand Weapons
 f - a +0 dagger
 h - a +0 short sword of flaming (weapon)
Missiles
 l - 75 stones
 x - 11 poisoned darts (quivered)
 y - 63 arrows
Armour
 a - a +0 pair of boots (worn)
 q - a +2 buckler
 z - a +0 robe (worn)
Jewellery
 t - a ring of resist corrosion (right hand)
 v - an uncursed ring of ice
Wands
 w - a wand of disintegration (18)
Scrolls
 d - a scroll of immolation {unknown}
 g - 2 scrolls of fear {unknown}
 m - a scroll of magic mapping {unknown}
 n - 3 scrolls of teleportation {unknown}
 p - 4 scrolls of remove curse
 r - 2 scrolls of blinking {unknown}
 u - a scroll of enchant armour {unknown}
 D - a scroll of amnesia {unknown}
Potions
 i - 3 potions of curing
 j - a potion of agility
 k - a potion of flight
 o - a potion of brilliance
 A - a potion of resistance {unknown}
 B - a potion of heal wounds
Comestibles
 c - 7 rations


   Skills:
 - Level 3.2 Dodging
 + Level 5.1 Stealth
 + Level 2.4 Shields
 + Level 5.4 Spellcasting
 + Level 5.8 Conjurations
 + Level 3.1 Hexes
 - Level 2.0 Translocations


You had 5 spell levels left.
You knew the following spells:

 Your Spells              Type           Power        Failure   Level  Hunger
a - Magic Dart            Conj           ####         1%          1    None
b - Searing Ray           Conj           ####..       1%          2    None
A - Fulminant Prism       Conj/Hex       ###.......   16%         4    ####...
B - Iskenderun's Mystic   Conj/Tloc      ###.....     21%         4    ####...

Your spell library contained the following spells:

 Spells                   Type           Power        Failure   Level  Hunger
 Dazzling Flash           Conj/Hex       ###...       4%          3    ##.....


Dungeon Overview and Level Annotations

Branches:
Dungeon (5/15)
 Temple: D:4-7

Altars:
Hepliaklqana
Makhleb


Message History

There is a stone staircase leading up here.
You now have 192 gold pieces (gained 11).
There is a stone staircase leading up here.
A centaur comes into view.
The centaur wields a +0 shortbow.
The centaur shoots an arrow.
The arrow hits you!
You see here an arrow.
Casting: Magic Dart (safe; 1% risk of failure)
Confirm with . or Enter, or press ? or * to list all spells.
Aiming: Fulminant Prism (slightly dangerous; 16% risk of failure)
Press: ? - help, Dir - move target cursor You conjure a prism of explosive energy!
A fulminant prism comes into view.
The centaur shoots an arrow.
The arrow hits you!
The centaur shoots an arrow.
The arrow hits you!
Your fulminant prism crackles loudly.
The centaur shoots an arrow.
The arrow misses you.
You see here 2 arrows.
The centaur shoots an arrow.
The arrow hits you!
You die...

#...# .....
##### ......
##...##......
##.....#......
#.............
#.............
#.......*.....
#....@......#.
#....(......c.
#....(...####.
#........#
#........#
###..$####
###.. ###


You could see a centaur and a friendly fulminant prism.

Vanquished Creatures
  An ogre (D:4)
  A phantom (D:4)
  A scorpion (D:4)
  5 orc priests
  2 bullfrog skeletons
  2 orc wizards
  Terence (D:3)
  3 adders
  An ooze (D:2)
  A worm (D:2)
  5 leopard geckos
  16 orcs
  4 giant cockroaches
  6 goblins
  9 hobgoblins
  12 jackals
  4 quokkas
  2 ball pythons
  4 bats (D:1)
  A frilled lizard (D:1)
  A jackal skeleton (D:4)
  9 kobolds
  6 rats
97 creatures vanquished.

Vanquished Creatures (others)
  5 fulminant prisms (D:3)
5 creatures vanquished.

Grand Total: 102 creatures vanquished

Notes
Turn   | Place    | Note
-------+----------+-------------------------------------------
     0 | D:1      | Luthien the Deep Elf Conjurer began the quest for the Orb.
     0 | D:1      | Reached XP level 1. HP: 10/10 MP: 6/6
   235 | D:1      | Reached XP level 2. HP: 15/15 MP: 4/8
   239 | D:1      | Learned a level 2 spell: Searing Ray
  1163 | D:1      | Reached XP level 3. HP: 19/19 MP: 6/10
  2974 | D:3      | Reached XP level 4. HP: 21/24 MP: 3/11
  3014 | D:3      | Reached skill level 5 in Conjurations
  3129 | D:3      | Reached skill level 1 in Shields
  3244 | D:3      | Learned a level 4 spell: Fulminant Prism
  3249 | D:3      | Learned a level 4 spell: Iskenderun's Mystic Blast
  3258 | D:3      | Reached XP level 5. HP: 28/28 MP: 10/13
  3557 | D:3      | Reached skill level 1 in Hexes
  3597 | D:3      | Noticed Terence
  3835 | D:3      | Reached skill level 1 in Translocations
  4310 | D:3      | Killed Terence
  4310 | D:3      | Reached XP level 6. HP: 32/32 MP: 6/15
  4412 | D:4      | Found a hazy altar of Hepliaklqana.
  4412 | D:4      | Found a burning altar of Makhleb.
  4535 | D:4      | Reached skill level 5 in Spellcasting
  5049 | D:4      | Reached XP level 7. HP: 36/36 MP: 5/16
  5320 | D:4      | Reached skill level 5 in Stealth
  5714 | D:5      | Entered Level 5 of the Dungeon
  5722 | D:5      | Shot with an arrow by a centaur

Levels and vault maps discovered:
D:1:      dpeg_arrival_rooms_a, layout_basic
D:2:      layout_loops_corners
D:3:      layout_loops_ring, uniq_terence
D:4:      layout_basic, chequers_temple_overflow_statue_of_worship, first_ration
D:5:      layout_rooms, lemuel_coloured_pillars_altar, slow_altar_1,
          minivault_14, uniq_crazy_yiuf_cottage

Skill      XL: |  1  2  3  4  5  6  7 |
---------------+----------------------+-----
Stealth        | 3 4 5 |  5.1
Dodging        | 3 |  3.2
Spellcasting   | 4 5 |  5.4
Conjurations   | 5 |  5.8
Shields        | 1 2 |  2.4
Hexes          | 1 2 3 |  3.1
Translocations | 1 2 |  2.0

Action                   |  1- 3 |  4- 6 |  7- 9 || total
-------------------------+-------+-------+-------++-------
Melee: Short sword       |       |     1 |       ||     1
 Cast: Magic Dart        |    44 |    45 |    10 ||    99
       Searing Ray       |    22 |    28 |     7 ||    57
       Fulminant Prism   |       |     5 |     1 ||     6
  Use: Scroll            |       |       |     5 ||     5
  Eat: Chunk             |     3 |     7 |     3 ||    13
       Ration            |     1 |       |       ||     1
Armor: Robe              |     3 |     1 |       ||     4
Dodge: Dodged            |    11 |    11 |     2 ||    24

Table legend:
 A = Non-vault XP
 B = Vault XP
 C = Vault XP percentage of total XP
 D = Non-vault monster count
 E = Vault monster count
 F = Vault count percentage of total count
                 A         B        C        D         E       F
            +---------+---------+-------+---------+---------+-------
      Total |     892 |      36 |   3.9 |      96 |       1 |   1.0
            +---------+---------+-------+---------+---------+-------
        D:1 |      41 |       0 |   0.0 |      26 |       0 |   0.0
        D:2 |      44 |       0 |   0.0 |      11 |       0 |   0.0
        D:3 |     261 |      36 |  12.1 |      33 |       1 |   2.9
        D:4 |     546 |       0 |   0.0 |      26 |       0 |   0.0
            +---------+---------+-------+---------+---------+-------
